 Dungeon Crawl Stone Soup version 0.21.1-1-g345015f (webtiles) character file.

6256 Krilegs the Geomancer (level 10, -4/51 HPs)
             Began as a Gargoyle Earth Elementalist on May 6, 2018.
             Was a High Priest of Sif Muna.
             Slain by a death yak (19 damage)
             ... on level 8 of the Dungeon.
             The game lasted 00:41:02 (7571 turns).

Krilegs the Geomancer (Gargoyle Earth Elementalist) Turns: 7571, Time: 00:41:02

Health: -4/51      AC: 18    Str:  6    XL:     10   Next: 93%
Magic:  6/32       EV: 14    Int: 20    God:    Sif Muna [*****.]
Gold:   204        SH:  0    Dex: 19    Spells: 13/28 levels left

rFire    . . .     SeeInvis .   C - +3 falchion (protect)
rCold    . . .     Gourm    .   (no shield)
rNeg     + . .     Faith    .   a - +3 robe of the Wumpus {rCorr Str-5 Dex+9}
rPois    ∞         Spirit   .   n - +0 helmet
rElec    +         Reflect  .   w - +2 cloak
rCorr    +         Harm     .   h - +1 pair of gloves
MR       .....                  (no boots)
Stlth    +++.......             (no amulet)
HPRegen  0.17/turn              i - ring of magical power
MPRegen  0.23/turn              z - ring of poison resistance

@: about to teleport
A: negative energy resistance 1, sense surroundings 1, electricity resistance,
unbreathing, petrification resistance, rot immunity, AC +7
a: Divine Energy, Channel Magic, Forget Spell, Renounce Religion


You were on level 8 of the Dungeon.
You worshipped Sif Muna.
Sif Muna was extremely pleased with you.
You were very hungry.

You visited 1 branch of the dungeon, and saw 8 of its levels.
You also visited: Ossuary.

You collected 380 gold pieces.
You spent 176 gold pieces at shops.

Inventory:

Hand Weapons
 m - a +0 quarterstaff
 C - a +3 falchion of protection (weapon)
Missiles
 b - 103 stones (quivered)
Armour
 a - the +3 robe of the Wumpus (worn) {rCorr Str-5 Dex+9}
   (You bought it in a shop on level 5 of the Dungeon)

   It affects your strength (-5).
   It affects your dexterity (+9).
   It protects you from acid and corrosion.
 h - a +1 pair of gloves (worn)
 l - the cursed +1 chain mail "Faaret" {rElec rC++ Str+4 Dex-3}
   (You found it on level 7 of the Dungeon)

   It affects your strength (+4).
   It affects your dexterity (-3).
   It greatly protects you from cold.
   It insulates you from electricity.
   It has a curse placed upon it.
 n - a +0 helmet (worn)
 w - a +2 cloak (worn)
Jewellery
 i - a ring of magical power (left hand)
 p - an uncursed ring of positive energy
 r - an uncursed ring of positive energy
 z - a ring of poison resistance (right hand)
Wands
 f - a wand of polymorph (11)
 q - a wand of random effects (39)
 x - a wand of paralysis (13)
 y - a wand of scattershot (5)
Scrolls
 g - 2 scrolls of remove curse
 j - 7 scrolls of identify
 o - 4 scrolls of enchant weapon
Potions
 c - a potion of berserk rage
 k - a potion of heal wounds
 t - a potion of cancellation
 A - a potion of invisibility
Books
 e - a book of Geomancy

   Spells                             Type                      Level
   a - Sandblast                      Earth                        1
   b - Passwall                       Transmutation/Earth          2
   c - Stone Arrow                    Conjuration/Earth            3
   d - Petrify                        Transmutation/Earth          4
   e - Lee's Rapid Deconstruction     Earth                        5
Comestibles
 d - 10 rations {i}


   Skills:
 - Level 0.5 Fighting
 + Level 0.9 Long Blades
 + Level 0.4 Staves
 + Level 3.7 Dodging
 + Level 4.2 Stealth
 + Level 2.9 Unarmed Combat
 + Level 9.6 Spellcasting
 + Level 1.9 Conjurations
 + Level 1.5 Transmutations
 + Level 12.5 Earth Magic


You had 13 spell levels left.
You knew the following spells:

 Your Spells              Type           Power        Failure   Level  Hunger
a - Sandblast             Erth           ######       1%          1    None
b - Passwall              Tmut/Erth      #####.....   1%          2    None
c - Stone Arrow           Conj/Erth      #####.       1%          3    None
d - Lee's Rapid Deconstr  Erth           ######....   1%          5    #####..
e - Petrify               Tmut/Erth      #####...     3%          4    ##.....


Dungeon Overview and Level Annotations

Branches:
Dungeon (8/15)             Temple (0/1) D:7            Lair (0/6) D:8

Altars:
Cheibriados
Hepliaklqana
Nemelex Xobeh
Qazlal
Sif Muna
Wu Jian
The Shining One

Shops:
D:5 [

Annotations:
D:8 Gastronok


Innate Abilities, Weirdness & Mutations

You are resistant to torment.
Your stone body is resilient. (AC +7)
You are immune to poison.
You resist negative energy. (rN+)
You are resistant to electric shocks. (rElec)
You can survive without breathing.
You are immune to petrification.
You are immune to rotting.
You passively map a small area around you.


Message History

Aiming: Sandblast
Press: ? - help, Shift-Dir - straight line, f/p - death yak
Aim: a death yak (almost dead)
The blast of sand hits the death yak.
You kill the death yak!
Sif Muna accepts your kill.
b - 104 stones A river rat comes into view.
Casting: Sandblast
Confirm with . or Enter, or press ? or * to list all spells.
Aiming: Sandblast
Press: ? - help, Shift-Dir - straight line, f - death yak
Aim: a death yak The blast of sand hits the death yak.
b - 103 stones The death yak gores you!
* * * LOW HITPOINT WARNING * * *
As you read the scroll of teleportation, it crumbles to dust.
You feel strangely unstable. The death yak gores you!!
You die...

.....# ,....... , .....# ......#,
, .....# , .wr.Y, , .....# r... ,
.....# *#rr ** * .....###### #r#*
######### #.........# #r#
#........
#.........######Y########.#######
#.........#.....@.......#.#
#.........#.............#.# #
#.........#.............#.# #
#.......................#.# #
#.......................#.# #
#...†........############.# #
.............############.# #
..........................# #
...!......###############.# ##


You could see Gastronok, a death yak, a hell rat, 2 porcupines, 2 river rats and
a rat.

Vanquished Creatures
  A two-headed ogre (D:8)
  2 death yaks (D:8)
  Pikel (D:8)
  Maurice (D:8)
  2 hippogriffs (D:8)
  Sigmund (D:4)
  A water moccasin (D:8)
  Duvessa (D:6)
  An orc warrior (D:8)
  An ice beast (D:6)
  2 slaves (D:8)
  A necrophage (D:6)
  3 sky beasts
  A wolf (D:8)
  3 ogres
  5 centaurs
  3 bullfrogs
  Dowan (D:6)
  2 scorpions
  3 wights (D:8)
  5 crimson imps
  6 hounds
  2 jellies
  A centaur skeleton (D:5)
  3 orc priests (D:8)
  2 orc wizards (D:8)
  An iguana (D:6)
  A hell rat (D:8)
  5 worker ants
  2 hound skeletons
  4 mummies
  Robin (D:4)
  2 worker ant zombies (D:5)
  4 gnolls (D:7)
  12 adders
  2 worms
  2 leopard geckos
  15 orcs
  8 giant cockroaches
  10 goblins
  14 hobgoblins
  5 jackals
  4 quokkas
  9 bats
  3 frilled lizards
  3 hobgoblin zombies (Ossuary)
  9 kobolds
  3 kobold zombies (Ossuary)
  An orc zombie (Ossuary)
  A quokka skeleton (D:4)
  9 rats
185 creatures vanquished.

Notes
Turn   | Place    | Note
-------+----------+-------------------------------------------
     0 | D:1      | Krilegs the Gargoyle Earth Elementalist began the quest for the Orb.
     0 | D:1      | Reached XP level 1. HP: 10/10 MP: 3/3
   224 | D:1      | Reached skill level 4 in Earth Magic
   425 | D:1      | Reached XP level 2. HP: 15/15 MP: 5/5
   431 | D:1      | Learned a level 2 spell: Passwall
   869 | D:2      | Reached XP level 3. HP: 16/19 MP: 3/6
  1253 | D:2      | Reached skill level 1 in Unarmed Combat
  1466 | D:2      | Reached XP level 4. HP: 14/24 MP: 4/7
  1634 | D:2      | Learned a level 3 spell: Stone Arrow
  2168 | D:3      | Reached XP level 5. HP: 28/28 MP: 0/8
  2335 | D:3      | Found a deep blue altar of Sif Muna.
  2341 | D:3      | Became a worshipper of Sif Muna the Loreminder
  2664 | D:4      | Noticed Sigmund
  2671 | D:4      | Killed Sigmund
  2671 | D:4      | Reached skill level 5 in Earth Magic
  2671 | D:4      | Reached XP level 6. HP: 33/33 MP: 7/11
  2683 | D:4      | Noticed Robin
  2717 | D:4      | Reached * piety under Sif Muna
  2741 | D:4      | Killed Robin
  2918 | D:4      | Reached skill level 6 in Earth Magic
  2918 | D:4      | Reached XP level 7. HP: 37/37 MP: 13/13
  2923 | D:4      | Gained mutation: You are dopey. (Int -2) [potion of mutation]
  2923 | D:4      | Gained mutation: You passively map a small area around you. [potion of mutation]
  2923 | D:4      | Lost mutation: You are dopey. (Int -2) [potion of mutation]
  3669 | D:5      | Entered Level 5 of the Dungeon
  3715 | D:5      | Found a hazy altar of Hepliaklqana.
  3715 | D:5      | Found a stormy altar of Qazlal.
  3844 | D:5      | Reached skill level 7 in Earth Magic
  4121 | D:5      | Reached XP level 8. HP: 24/42 MP: 15/15
  4123 | D:5      | Reached skill level 5 in Spellcasting
  4451 | D:5      | Reached ** piety under Sif Muna
  4613 | D:5      | Learned a level 5 spell: Lee's Rapid Deconstruction
  4618 | D:5      | Learned a level 4 spell: Petrify
  4739 | D:5      | Found Fijaxzin's Antique Armour Boutique.
  4756 | D:5      | Bought a sheer robe for 176 gold pieces
  4766 | D:5      | Identified the +3 robe of the Wumpus {rCorr Str-5 Dex+9} (You bought it in a shop on level 5 of the Dungeon)
  4975 | D:6      | Reached skill level 8 in Earth Magic
  4992 | D:6      | Noticed Dowan
  4998 | D:6      | Killed Dowan
  5003 | D:6      | Noticed Duvessa
  5011 | D:6      | Killed Duvessa
  5232 | D:6      | Reached skill level 1 in Transmutations
  5627 | D:6      | Reached skill level 9 in Earth Magic
  5627 | D:6      | Reached XP level 9. HP: 46/46 MP: 18/18
  5767 | D:6      | Reached *** piety under Sif Muna
  5767 | D:6      | Reached skill level 1 in Conjurations
  6269 | D:7      | Found a staircase to the Ecumenical Temple.
  6339 | D:7      | Got a twisted chain mail
  6343 | D:7      | Identified the cursed +1 chain mail "Faaret" {rElec rC++ Str+4 Dex-3} (You found it on level 7 of the Dungeon)
  6453 | D:7      | Found a snail-covered altar of Cheibriados.
  6457 | D:7      | Found a sparkling altar of Nemelex Xobeh.
  6462 | D:7      | Found a glowing golden altar of the Shining One.
  6462 | D:7      | Found an ornate altar of the Wu Jian Council.
  6714 | D:8      | Reached skill level 10 in Earth Magic
  6744 | D:8      | Noticed Maurice
  6759 | D:8      | Paralysed by Maurice for 2 turns
  6775 | D:8      | Killed Maurice
  6775 | D:8      | Reached **** piety under Sif Muna
  6822 | D:8      | Reached skill level 11 in Earth Magic
  6822 | D:8      | Reached XP level 10. HP: 51/51 MP: 3/22
  7039 | D:8      | Found a sand-covered staircase.
  7047 | Ossuary  | Entered an ossuary
  7351 | D:8      | Noticed a two-headed ogre
  7370 | D:8      | Killed a two-headed ogre
  7401 | D:8      | Noticed Pikel
  7410 | D:8      | Killed Pikel
  7550 | D:8      | Noticed a death yak
  7552 | D:8      | Found a staircase to the Lair.
  7553 | D:8      | Noticed a death yak
  7556 | D:8      | Reached ***** piety under Sif Muna
  7556 | D:8      | Identified Sif Muna's Volume of Battle Magic (Sif Muna gifted it to you on level 8 of the Dungeon)
  7556 | D:8      | Received a gift from Sif Muna
  7557 | D:8      | Noticed a death yak
  7563 | D:8      | Killed a death yak
  7563 | D:8      | Reached skill level 12 in Earth Magic
  7567 | D:8      | Noticed Gastronok
  7568 | D:8      | Killed a death yak
  7571 | D:8      | Slain by a death yak

Skill      XL: |  1  2  3  4  5  6  7  8  9 10 |
---------------+-------------------------------+-----
Earth Magic    | 4 5 6 7 9 11 12 | 12.5
Unarmed Combat | 1 2 |  2.9
Stealth        | 3 4 |  4.2
Dodging        | 2 3 |  3.7
Spellcasting   | 3 4 6 8 9 |  9.6
Transmutations | 1 |  1.5
Conjurations   | 1 |  1.9
Fighting       | |  0.5
Long Blades    | |  0.9
Staves         | |  0.4

Action                   |  1- 3 |  4- 6 |  7- 9 | 10-12 || total
-------------------------+-------+-------+-------+-------++-------
Melee: Unarmed           |   162 |    38 |    64 |       ||   264
       Quarterstaff      |       |       |     8 |       ||     8
       Falchion          |       |       |       |     8 ||     8
 Cast: Sandblast         |    25 |    71 |   131 |    44 ||   271
       Stone Arrow       |       |     4 |    19 |     2 ||    25
       Passwall          |       |       |     2 |       ||     2
       Petrify           |       |       |     5 |     5 ||    10
       Lee's Rapid Decon |       |       |     4 |    14 ||    18
  Use: Scroll            |     3 |     1 |     8 |     4 ||    16
       Potion            |     1 |     2 |     7 |     1 ||    11
 Stab: Sleeping          |     3 |       |     1 |       ||     4
  Eat: Chunk             |     2 |     6 |     3 |     2 ||    13
       Ration            |       |       |     3 |     1 ||     4
Armor: Robe              |    76 |    48 |    61 |     8 ||   193
Dodge: Dodged            |   124 |    72 |    80 |    16 ||   292
       Rpst.: Falchion   |       |       |       |     4 ||     4
